AoeStats
← Franz Rupersky

Black Forest

509732579Analyzed
3v3 RM · 4d ago on Sep 27, 2026· 43m 15s· 6 players
Game mode
Random Map
Map size
Normal (6 player)
Population
200
Speed
Normal
Resources
Standard
Victory
Conquest
Starting age
Dark Age
Ending age
Imperial Age
RankedLock teamsTeams togetherTeam positionsShared explorationLock speedFull tech treeHidden civsTurbo modeCheats
Victory
Defeat
🇺🇸 Persians · United States
873
+15
🇦🇷 Portuguese · Argentina
833
+17
🇧🇷 Goths · Brazil
802
+18
🇨🇴 Cumans · Colombia
966
-22
🇨🇴 Vietnamese · Colombia
790
-14
🇨🇴 Lithuanians · Colombia
788
-14
warrior 107574
0:32 Loom
12:11 Feudal Age
12:49 Horse Collar
13:11 Double-Bit Axe
13:45 Gold Mining
13:47 Stone Mining
16:04 Wheelbarrow
15:16 Town Watch
20:27 Castle Age
19:40 Forging
21:40 Hand Cart
21:28 Heavy Plow
24:30 Stone Shaft Mining
24:18 Fletching
24:29 Scale Mail Armor
25:23 Bow Saw
29:27 Bodkin Arrow
30:46 Man-at-Arms
31:28 Squires
34:39 Iron Casting
34:20 Chain Mail Armor
37:23 Imperial Age
36:59 Anarchy
36:25 Pikeman
36:27 Long Swordsman
38:08 Perfusion
38:31 Conscription
39:00 Elite Huskarl
CreepiestSnow32
10:30 Loom
13:45 Feudal Age
14:13 Double-Bit Axe
14:18 Horse Collar
21:25 Castle Age
21:10 Bloodlines
23:28 Pikeman
25:40 Bow Saw
29:18 Wheelbarrow
30:47 Scale Barding Armor
30:54 Forging
34:36 Hand Cart
37:03 Imperial Age
34:56 Husbandry
36:31 Iron Casting
36:17 Chain Barding Armor
39:19 Two-Man Saw
37:53 Cavalier
40:13 Blast Furnace
39:49 Plate Barding Armor
40:53 Savar
42:41 Gold Mining
43:16 Hand Cart
kevinsantillan1992
1:44 Loom
12:16 Feudal Age
13:55 Fletching
16:59 Padded Archer Armor
23:57 Castle Age
22:53 Double-Bit Axe
26:09 Horse Collar
36:37 Imperial Age
34:21 Town Watch
41:57 Conscription
TioMakario
11:01 Loom
15:53 Feudal Age
26:08 Castle Age
26:07 Bloodlines
32:03 Husbandry
Franz Rupersky
10:05 Loom
13:03 Feudal Age
15:38 Double-Bit Axe
15:36 Horse Collar
19:31 Fletching
19:42 Padded Archer Armor
28:50 Wheelbarrow
31:57 Castle Age
31:42 Town Watch
32:01 Crossbowman
32:40 Bodkin Arrow
33:01 Leather Archer Armor
35:31 Thumb Ring
37:33 Bow Saw
38:40 Elite Skirmisher
40:46 Town Patrol
41:02 Hand Cart
41:06 Forging
40:56 Scale Mail Armor
OMAR101226
3:01 Loom
13:59 Feudal Age
14:37 Horse Collar
14:43 Double-Bit Axe
17:04 Man-at-Arms
20:47 Arson
30:40 Castle Age
31:47 Wheelbarrow
32:29 Bow Saw
32:31 Heavy Plow
37:14 Imperial Age
35:08 Hand Cart
34:51 Gold Mining
34:54 Stone Mining
37:05 Bloodlines
36:17 Light Cavalry
39:01 Two-Man Saw
38:33 Crop Rotation
38:52 Gold Shaft Mining
38:16 Hussar
39:42 Forging
39:33 Scale Mail Armor
39:38 Scale Barding Armor
39:23 Fletching
39:34 Padded Archer Armor
42:03 Iron Casting
41:43 Chain Mail Armor
41:55 Heated Shot
42:26 Ballistics
43:07 Chemistry
42:12 Onager
Connection lost

Rejoining the realm…

Still unreachable

The connection could not be restored.

Session expired

The server has moved on; the page needs a fresh start.